 Dungeon Crawl Stone Soup version 0.28.0-47-ge53b351184 (webtiles) character file.

Game seed: 11531305125247643072

72 hawla the Digger (level 4, -1/24 HPs)
             Began as a Deep Elf Earth Elementalist on May 1, 2022.
             Slain by Crazy Yiuf
             ... wielding a +2 quarterstaff of chaos
              (5 damage)
             ... on level 2 of the Dungeon.
             The game lasted 00:04:37 (2395 turns).

hawla the Digger (Deep Elf Earth Elementalist)      Turns: 2395, Time: 00:04:38

Health: -1/24      AC:  3    Str:  5    XL:     4   Next: 7%
Magic:  6/12       EV: 12    Int: 22    God:
Gold:   115        SH:  0    Dex: 15    Spells: 7/11 levels left

rFire   . . .      SeeInvis .   (no weapon)
rCold   . . .      Faith    .   (no shield)
rNeg    . . .      Spirit   .   b - +1 robe
rPois   .          Reflect  .   (no helmet)
rElec   .          Harm     .   (no cloak)
rCorr   .          Rampage  .   (no gloves)
Will    .....                   (no boots)
Stlth   ++........              (no amulet)
HPRegen 0.08/turn               (no ring)
MPRegen 0.13/turn               (no ring)

@: no status effects
A: no striking features
a: no special abilities


You were on level 2 of the Dungeon.
You visited 1 branch of the dungeon, and saw 2 of its levels.

You collected 115 gold pieces.

Inventory:

Missiles
 c - 53 stones
 f - 3 poisoned darts
Armour
 b - a +1 robe (worn)
Scrolls
 a - a scroll of magic mapping {unknown}
 d - 2 scrolls of immolation
 e - a scroll of identify {unknown}
Potions
 g - a potion of haste {unknown}


   Skills:
 + Level 2.5 Dodging
 + Level 2.7 Stealth
 + Level 4.3 Spellcasting
 + Level 1.1 Transmutations
 + Level 4.5 Earth Magic


You had 7 spell levels left.
You knew the following spells:

 Your Spells              Type           Power      Damage    Failure   Level
a - Sandblast             Erth           48%        2d12      1%          1
b - Stone Arrow           Conj/Erth      28%        3d8       13%         3

Your spell library contained the following spells:

 Spells                   Type           Power      Damage    Failure   Level
 Passwall                 Tmut/Erth      14%        N/A       4%          2
 Sublimation of Blood     Necr           4%         N/A       16%         2
 Petrify                  Tmut/Erth      17%        N/A       32%         4
 Irradiate                Conj/Tmut      3%         3d14      94%         5


Dungeon Overview and Level Annotations

Branches:
Dungeon (2/15)

Altars:

Annotations:
D:2 Crazy Yiuf


Message History

You now have 115 gold pieces (gained 16).
You see here a +0 vorpal spear.
Found an escape hatch in the ceiling.
There is an escape hatch in the ceiling here.
g - a green potion
There is an escape hatch in the ceiling here.
Key pressed, stopping explore.
You see here a +0 mace.
You see here a +0 mace.
Crazy Yiuf shouts!
Crazy Yiuf yells, "Line disdain turtle!"
Could not explore, unopened runed door.
You open the door.
Casting: Sandblast (safe; 1% risk of failure)
Confirm with . or Enter, or press ? or * to list all spells.
The spell is quite dangerous to miscast (13% risk of failure)!
Continue anyway?
Aiming: Stone Arrow (quite dangerous; 13% risk of failure)
Press: ? - help, Shift-Dir - straight line, f - Crazy Yiuf
Aim: Crazy Yiuf, wielding a +2 quarterstaff of chaos and wearing a +0 cloak of stealth (72% to hit)
The stone arrow hits Crazy Yiuf.
Crazy Yiuf is moderately wounded.
Crazy Yiuf barely misses you.
Casting: Stone Arrow (quite dangerous; 13% risk of failure)
Confirm with . or Enter, or press ? or * to list all spells.
The spell is quite dangerous to miscast (13% risk of failure)!
Continue anyway?
Aiming: Stone Arrow (quite dangerous; 13% risk of failure)
Press: ? - help, Shift-Dir - straight line, f/p - Crazy Yiuf
Aim: Crazy Yiuf, wielding a +2 quarterstaff of chaos and wearing a +0 cloak of stealth (moderately wounded, 72% to hit)
The stone arrow hits Crazy Yiuf!
Crazy Yiuf is almost dead.
Crazy Yiuf hits you with a +2 quarterstaff of chaos!
Ouch! That really hurt!
Crazy Yiuf freezes you.
* * * LOW HITPOINT WARNING * * *
As you read the scroll labelled OSE QYLEDODDEKH, it crumbles to dust.
The creatures around you are filled with an inner flame!
It was a scroll of immolation.
Crazy Yiuf barely misses you.
Crazy Yiuf whimpers, "Race!"
Crazy Yiuf hits you with a +2 quarterstaff of chaos.
You die...

#.......#.# ###########.........
#.......#.## #.########
#.......#..# ##### #.# #....
........##.# #..)# #.# #....
#.....#.##.## #)..# #.# #....
##...##.##..# .). #.# #....
.###.#.##...# #'# #.# #....
.#####.####.# ♣♣g♣ #.# #.... #.#
#.#####.# ♣@♣♣ ##.# #.... #.###.#
#...# ♣♣)♣ #..# #.... ##.#.##
#...# ♣)♣♣ #### #.... #...# #...#
♣♣.♣♣ ########### ##'## #...#
♣...♣♣ #.......... ##...# #####
♣....♣ #.......... .#...# #....#
#..........
##.8.##########....####..........
.#.⌠.#....................#..####


You could see Crazy Yiuf (inner flame).

Vanquished Creatures
  4 dart slugs
  8 bats
  9 endoplasms
  2 goblins (D:1)
  5 hobgoblins
  10 jackals (D:2)
  3 kobolds
  4 quokkas (D:1)
  5 ball pythons
  3 rats
53 creatures vanquished.

Notes
Turn   | Place    | Note
-------+----------+-------------------------------------------
     0 | D:1      | hawla the Deep Elf Earth Elementalist began the quest for
                  | the Orb.
     0 | D:1      | Reached XP level 1. HP: 10/10 MP: 6/6
    83 | D:1      | Reached XP level 2. HP: 15/15 MP: 6/8
   394 | D:1      | Reached XP level 3. HP: 19/19 MP: 7/10
   672 | D:1      | Learned a level 3 spell: Stone Arrow
   728 | D:1      | Found a faded altar of an unknown god.
   953 | D:2      | Found a runed translucent door.
   954 | D:2      | Noticed Crazy Yiuf
  1666 | D:2      | Reached XP level 4. HP: 24/24 MP: 8/12
  2395 | D:2      | Slain by Crazy Yiuf

Illustrated notes

Levels and vault maps discovered:
D:1:      lightli_arrival_lavapool, layout_basic, basic_ecumenical_altar,
          minmay_pentomino_s2
D:2:      layout_basic, grunt_decor_clamped, minmay_misc_feat_square,
          uniq_crazy_yiuf_cottage

Skill      XL: |  1  2  3 |
---------------+----------+-----
Earth Magic    | 4 |  4.5
Spellcasting   | 4 |  4.3
Dodging        | |  2.5
Stealth        | |  2.7
Transmutations | |  1.1

Action                   |  1- 3 |  4- 6 || total
-------------------------+-------+-------++-------
Melee: Unarmed           |     1 |       ||     1
 Cast: Sandblast         |    55 |     3 ||    58
       Stone Arrow       |     8 |     3 ||    11
  Use: Scroll            |     3 |     1 ||     4
Armor: Robe              |     4 |       ||     4
Dodge: Dodged            |     5 |     3 ||     8
